 Dungeon Crawl Stone Soup version 0.29-a0-520-gc852659d43 (webtiles) character file.

Game seed: 6005728560312064589

884 xian the Conjurer (level 8, -9/54 HPs)
             Began as a Human Conjurer on May 31, 2022.
             Mangled by an ogre
             ... wielding a +0 giant club
              (23 damage)
             ... on level 6 of the Dungeon.
             The game lasted 00:17:54 (7028 turns).

xian the Conjurer (Human Conjurer)                  Turns: 7028, Time: 00:17:55

Health: -9/54      AC:  4    Str:  8    XL:     8   Next: 26%
Magic:  10/15      EV: 12    Int: 21    God:
Gold:   220        SH:  0    Dex: 14    Spells: 14/17 levels left

rFire   . . .      SeeInvis .   A - +10 dagger "Hiokumal" {vamp, Dex+3}
rCold   . . .      Faith    .   (no shield)
rNeg    . . .      Spirit   .   D - +1 leather armour "Riagao" {rCorr}
rPois   .          Reflect  .   (no helmet)
rElec   .          Harm     .   (no cloak)
rCorr   +          Rampage  .   (no gloves)
Will    .....                   (no boots)
Stlth   ++........              (no amulet)
HPRegen 0.18/turn               (no ring)
MPRegen 0.14/turn               (no ring)

@: hasted, very quick
A: no striking features
a: no special abilities


You were on level 6 of the Dungeon.
You visited 2 branches of the dungeon, and saw 7 of its levels.
You also visited: Sewer.

You collected 220 gold pieces.

Inventory:

Hand Weapons
 a - the +1 long sword "Inatsat" {freeze, Will+ Dex+3}
   (You found it on level 6 of the Dungeon)

   It freezes those it strikes, dealing additional cold damage.
   It can also slow down cold-blooded creatures.
   Dex:       It affects your dexterity (+3).
   Will:      It increases your willpower.
 r - a +2 antimagic dagger
 A - the +10 dagger "Hiokumal" (weapon) {vamp, Dex+3}
   (You took it off an orc on level 4 of the Dungeon)

   It occasionally heals its wielder for a portion of the damage dealt when it
   wounds a living foe.
   Dex:       It affects your dexterity (+3).
Missiles
 i - 30 poisoned darts
 w - a throwing net
 B - 2 atropa-tipped darts
Armour
 D - the +1 leather armour "Riagao" (worn) {rCorr}
   (You found it on level 6 of the Dungeon)

   rCorr:     It protects you from acid and corrosion.
Wands
 c - a wand of iceblast (9)
 k - a wand of flame (15)
 y - a wand of mindburst (22)
Scrolls
 d - 3 scrolls of vulnerability {unknown}
 f - 7 scrolls of teleportation
 h - a scroll of torment {unknown}
 j - 2 scrolls of fog {unknown}
 o - a scroll of silence {unknown}
 p - a scroll of magic mapping {unknown}
 s - a scroll of enchant weapon {unknown}
 t - a scroll of fear {unknown}
 C - 2 scrolls of noise {unknown}
Potions
 b - 2 potions of magic
 e - a potion of flight {unknown}
 g - 2 potions of cancellation
 l - 3 potions of lignification
 m - 2 potions of haste
 n - 5 potions of might
 q - 2 potions of curing
 u - a potion of ambrosia {unknown}
 v - a potion of berserk rage {unknown}
 x - a potion of brilliance {unknown}
 z - a potion of mutation {unknown}
 E - a potion of heal wounds {unknown}


   Skills:
 + Level 1.2 Fighting
 + Level 1.4 Short Blades
 + Level 3.2 Dodging
 + Level 3.2 Stealth
 + Level 5.0 Spellcasting
 + Level 7.0 Conjurations


You had 14 spell levels left.
You knew the following spells:

 Your Spells              Type           Power      Damage    Failure   Level
a - Magic Dart            Conj           100%       1d8       1%          1
b - Searing Ray           Conj           68%        2d6       1%          2

Your spell library contained the following spells:

 Spells                   Type           Power      Damage    Failure   Level
 Conjure Flame            Conj/Fire      20%        6-21      11%         3
 Dazzling Flash           Conj/Hex       40%        N/A       11%         3
 Sting                    Tmut/Pois      20%        1d4       16%         1
 Fulminant Prism          Conj/Hex       10%        3d9       36%         4
 Iskenderun's Mystic Bla  Conj/Tloc      20%        2d6       36%         4
 Sticky Flame             Conj/Fire      20%        2d4       36%         4
 Ignite Poison            Fire/Tmut/Pois 5%         N/A       43%         3


Dungeon Overview and Level Annotations

Branches:
Dungeon (6/15)             Temple (1/1) D:6           Sewer (visited)

Altars:
Cheibriados
Elyvilon
Fedhas
Hepliaklqana
Kikubaaqudgha
Makhleb
Okawaru
Qazlal
Ru
Sif Muna
Trog
Uskayaw
Vehumet
Wu Jian
Xom
Yredelemnul
The Shining One

Shops:
D:5 ([[


Message History

As you read the scroll of identify, it crumbles to dust.
q - 2 potions of curing
There is a stone staircase leading down here.
You now have 220 gold pieces (gained 6).
Found 11 stones.
Found a stone staircase leading up.
There is a stone staircase leading up here.
Found a stone staircase leading down.
c - a wand of iceblast (9)
An ogre comes into view. It is wielding a +0 giant club.
The magic dart hits the ogre.
The ogre is lightly wounded.
The ogre shouts!
The magic dart hits the ogre.
The ogre is moderately wounded.
An electric eel comes into view.
The magic dart hits the ogre.
The ogre is moderately wounded.
The electric eel shoots out a bolt of lightning at you!
The bolt of electricity hits you!
The magic dart hits the ogre.
The ogre is heavily wounded.
The ogre hits you with a +0 giant club!!
Ouch! That really hurt!
* * * LOW HITPOINT WARNING * * *
The ogre attacks as you move away! The ogre barely misses you.
Casting: Magic Dart (safe; 1% risk of failure)
Confirm with . or Enter, or press ? or * to list all spells.
Aiming: Searing Ray (safe; 1% risk of failure)
Press: ? - help, Shift-Dir - straight line, f/p - ogre
Aim: an ogre, wielding a +0 giant club (heavily wounded, 91% to hit)
The searing ray misses the ogre. (Press . to maintain the ray.)
You feel yourself speed up. The ogre closely misses you.
You barely miss the ogre.
The ogre is heavily wounded.
You puncture the ogre!
The ogre is almost dead.
The ogre hits you with a +0 giant club!!
You die...

..≈≈≈≈≈≈≈.. #
...≈≈≈P≈.. . .##.#
.≈≈≈≈≈≈S≈. #. # ....
≈P≈≈≈P≈≈. ##.##.##..
≈≈≈≈≈P... ....#....
≈≈≈≈≈≈≈.# .......
≈≈≈≈≈...#######
##.###.
≈≈≈≈≈.....O@..#
#.#....
≈≈≈P≈≈.######.###
##.##.. P≈≈≈P≈.
#......# #...#..
≈≈≈≈≈.. ##.##.#.#
#...##. ≈≈≈≈...
........# #...##.
≈≈P≈..#.##.#..#.#
#...###
≈≈P...#.##.#....#
#...### ≈≈P..#
......#..## #..>#..
..#.......#####...#.#


You could see an ogre.

Vanquished Creatures
  Eustachio (D:4)
  A phantom (D:4)
  2 kobold brigands (Sewer)
  2 scorpions
  A hound (D:4)
  2 orc priests
  2 jellies
  An iguana (D:4)
  10 adders
  3 river rats
  A white imp (D:5)
  An ufetubus (D:4)
  3 worms
  16 orcs
  7 endoplasms
  5 giant cockroaches
  7 goblins
  9 hobgoblins
  2 quokkas
  11 ball pythons
  9 bats
  5 frilled lizards
  17 kobolds
  11 rats
129 creatures vanquished.

Vanquished Creatures (others)
  2 fungi (D:3)
  2 plants (D:3)
4 creatures vanquished.

Grand Total: 133 creatures vanquished

Notes
Turn   | Place    | Note
-------+----------+-------------------------------------------
     0 | D:1      | xian the Human Conjurer began the quest for the Orb.
     0 | D:1      | Reached XP level 1. HP: 13/13 MP: 3/3
   300 | D:1      | Reached XP level 2. HP: 19/19 MP: 0/5
   846 | D:1      | Reached XP level 3. HP: 24/24 MP: 2/6
  1875 | D:2      | Reached XP level 4. HP: 30/30 MP: 4/7
  2044 | D:2      | Reached skill level 5 in Conjurations
  2227 | D:3      | Learned a level 2 spell: Searing Ray
  2462 | D:3      | Found a glowing drain.
  2641 | D:3      | Reached XP level 5. HP: 10/35 MP: 6/8
  2713 | Sewer    | Entered a sewer
  3093 | Sewer    | Noticed a kobold brigand
  3102 | Sewer    | Killed a kobold brigand
  3103 | Sewer    | Reached XP level 6. HP: 31/41 MP: 0/10
  3984 | D:3      | Found a faded altar of an unknown god.
  3990 | D:3      | Got Plato's Volume of Intoxication
  4272 | D:4      | Reached skill level 6 in Conjurations
  4283 | D:4      | Reached XP level 7. HP: 26/47 MP: 2/12
  4651 | D:4      | Identified the +10 dagger "Hiokumal" {vamp, Dex+3}
  5364 | D:4      | Noticed Eustachio
  5388 | D:4      | Killed Eustachio
  5389 | D:4      | Reached skill level 1 in Short Blades
  5536 | D:4      | Reached XP level 8. HP: 53/53 MP: 7/15
  5659 | D:5      | Entered Level 5 of the Dungeon
  5685 | D:5      | Reached skill level 1 in Fighting
  5850 | D:5      | Found Moikhixt's Weapon Shop.
  5865 | D:5      | Found Kial Xocru's Antique Armour Shoppe.
  5878 | D:5      | Found an ornate altar of the Wu Jian Council.
  5886 | D:5      | Found Cosolir's Antique Armour Shop.
  6084 | D:5      | Reached skill level 7 in Conjurations
  6311 | D:5      | Reached skill level 5 in Spellcasting
  6788 | D:6      | Found a staircase to the Ecumenical Temple.
  6789 | D:6      | Identified the +1 leather armour "Riagao" {rCorr}
  6813 | D:6      | Identified the +1 long sword "Inatsat" {freeze, Will+
                  | Dex+3}
  6834 | Temple   | Entered the Ecumenical Temple
  7028 | D:6      | Mangled by an ogre

Illustrated notes

Levels and vault maps discovered:
D:1:      dpeg_arrival_pits, layout_loops_ring
D:2:      layout_loops_corners, minmay_fractal_squares_gapless_5
D:3:      layout_loops_ring, shapermc_ecumenical_altar_rom_forum,
          portal_sewer_entry_a
D:4:      layout_basic, uniq_eustachio
D:5:      layout_gridville, lemuel_doored_altar, serial_shops,
          nicolae_shop_trees, nicolae_shop_temple_entry_statues_fountains,
          nicolae_shop_crystal
D:6:      layout_loops_cross, minmay_temple_entry_waves, chequers_big_river,
          hangedman_abyss_or_decor_stabs
Temple:   lightli_temple_of_artemis

Skill      XL: |  1  2  3  4  5  6  7  8 |
---------------+-------------------------+-----
Conjurations   | 5 6 7 |  7.0
Spellcasting   | 3 4 5 |  5.0
Stealth        | 3 |  3.2
Short Blades   | 1 |  1.4
Dodging        | 3 |  3.2
Fighting       | 1 |  1.2

Action                   |  1- 3 |  4- 6 |  7- 9 || total
-------------------------+-------+-------+-------++-------
Melee: Short sword       |     5 |    23 |     7 ||    35
       Dagger            |       |       |    27 ||    27
 Cast: Magic Dart        |    58 |    99 |    56 ||   213
       Searing Ray       |       |     9 |    11 ||    20
  Use: Scroll            |       |     3 |     4 ||     7
       Potion            |       |       |     1 ||     1
 Stab: Sleeping          |       |       |     1 ||     1
Armor: Robe              |     1 |    11 |     2 ||    14
Dodge: Dodged            |     3 |    44 |    24 ||    71

Table legend: (Time is in decaauts)
 A = Elapsed time spent in this place.
 B = Non-inter-level travel time spent in this place.
 C = Inter-level travel time spent in this place.
 D = Time resting spent in this place.
 E = Time spent auto-exploring this place.
 F = Levels seen in this place.
 G = Mean time per level.
                   A        B        C        D        E       F      G
               +--------+--------+--------+--------+--------+-----+--------+
         Total |   7119 |   6998 |    121 |    697 |   5118 |   8 |  889.9 |
       Dungeon |   5913 |   5792 |    121 |    310 |   4564 |   6 |  985.5 |
        Temple |    118 |    118 |      0 |      0 |     78 |   1 |  118.0 |
         Sewer |   1087 |   1087 |      0 |    387 |    476 |   1 | 1087.0 |
               +--------+--------+--------+--------+--------+-----+--------+

Top non-repeatable levels by time:
     D:3: 1250 daAuts
     D:2: 1203 daAuts
     D:4: 1201 daAuts
     D:5: 1109 daAuts
   Sewer: 1087 daAuts
     D:1: 1009 daAuts
     D:6: 139 daAuts
  Temple: 118 daAuts
